 Dungeon Crawl Stone Soup version 0.28-a0-691-gad6df49e81 (webtiles) character file.

Game seed: 5905962492597704961

6247 ytrimaz the Cleaver (level 11, -2/86 HPs)
             Began as a Formicid Fighter on Oct 22, 2021.
             Was an Elder of Okawaru.
             Slain by a seven-headed hydra (12 damage)
             ... on level 8 of the Dungeon.
             The game lasted 00:11:28 (9159 turns).

ytrimaz the Cleaver (Formicid Fighter)              Turns: 9159, Time: 00:11:28

Health: -2/86      AC:  9    Str: 23 (24) XL:     11   Next: 15%
Magic:  16/16      EV: 10    Int:  7 (8)  God:    Okawaru [****..]
Gold:   1119       SH:  5    Dex:  7 (10) Spells: 10/10 levels left

rFire   + . .      SeeInvis +   f - +5 war axe (drain)
rCold   . . .      Faith    .   c - +1 buckler
rNeg    . . .      Spirit   .   b - +0 scale mail
rPois   .          Reflect  .   (helmet unavailable)
rElec   .          Harm     .   h - +0 cloak
rCorr   .          Rampage  .   (no gloves)
Will    +....                   (no boots)
Stlth   ..........              (no amulet)
HPRegen 0.24/turn               j - +4 ring of slaying
MPRegen 0.15/turn               u - ring of protection from fire

@: lethally poisoned (-2 -> -6)
A: permanent stasis, dig shafts and tunnels, antennae 3, four strong arms
a: Dig, Shaft Self, Renounce Religion, Heroism, Finesse


You were on level 8 of the Dungeon.
You worshipped Okawaru.
Okawaru was greatly pleased with you.
You visited 2 branches of the dungeon, and saw 9 of its levels.
You also visited: Sewer.

You collected 1119 gold pieces.

Inventory:

Hand Weapons
 a - a +0 war axe
 f - a +5 war axe of draining (weapon)
Armour
 b - a +0 scale mail (worn)
 c - a +1 buckler (worn)
 h - a +0 cloak (worn)
Jewellery
 j - a +4 ring of slaying (left hand)
 u - a ring of protection from fire (right hand)
 E - a +6 ring of intelligence
Wands
 i - a wand of flame (39)
 l - a wand of polymorph (7)
 w - a wand of paralysis (5)
 y - a wand of acid (3)
 C - a wand of mindburst (18)
Scrolls
 s - a scroll of amnesia
 t - a scroll of magic mapping
Potions
 d - 2 potions of might
 e - a potion of brilliance
 g - a potion of resistance
 k - 6 potions of heal wounds
 n - a potion of degeneration
 q - 4 potions of curing {unknown}
 r - 3 potions of haste {unknown}
 v - a potion of invisibility {unknown}
 x - 2 potions of flight {unknown}
 z - 2 potions of berserk rage {unknown}
 B - a potion of lignification {unknown}


   Skills:
 + Level 8.0 Fighting
 + Level 11.6 Axes
 + Level 8.4 Armour
 - Level 3.6 Shields
 * Level 7.3 Invocations


You had 10 spell levels left.
You didn't know any spells.
Your spell library contained the following spells:

 Spells                   Type           Power      Damage    Failure   Level
 Ensorcelled Hibernation  Hex/Ice        0%         N/A       83%         2
 Freezing Cloud           Conj/Ice/Air   0%         6-21      100%        5
 Polar Vortex             Ice            0%         N/A       100%        9
 Tukima's Dance           Hex            Unusable   N/A       N/A         3
 Simulacrum               Ice/Necr       Unusable   N/A       N/A         6

Dungeon Overview and Level Annotations

Branches:
Dungeon (8/15)             Temple (1/1) D:5           Sewer (visited)
   Lair: D:8-11

Altars:
Ashenzari
Cheibriados
Dithmenos
Elyvilon
Fedhas
Gozag
Hepliaklqana
Makhleb
Nemelex Xobeh
Okawaru
Qazlal
Ru
Sif Muna
Trog
Uskayaw
Vehumet
Wu Jian
Xom
Yredelemnul
Zin
The Shining One

Shops:
D:2 (

Annotations:
D:5 3 runed translucent doors, AlleluiaPinecone's ghost, amateur TrBe
D:6 2 transporters


Innate Abilities, Weirdness & Mutations

You cannot be hasted, slowed, berserked, paralysed or teleported.
You can dig through walls and to a lower floor.
You have a pair of large antennae on your head. (SInv)
Your four strong arms can wield two-handed weapons with a shield.


Message History

Okay, then.
Non-targeted abil: Dig
Press: ? - help, Q - select action, (/) - cycle Dir - look around, f - activate
Okay, then.
Aiming: Polymorph
Press: ? - help, Shift-Dir - straight line, f - seven-headed hydra
Aim: a seven-headed hydra (will become a spark wasp, a goliath frog, or a manticore, chance to affect: 15%)
Okay, then.
Unknown command.
It was a potion of attraction.
You feel attractive to monsters.
You feel sick. The killer bee closely misses you. The killer bee stings you.
You are more poisoned.
The killer bee poisons you!
It was a potion of degeneration.
There was something very wrong with that liquid.
You feel weakened.
You feel dopey.
You feel clumsy.
You feel very sick. The killer bee closely misses you.
You block the killer bee's attack.
It was a potion of brilliance.
You feel clever all of a sudden.
You feel very sick. You block the killer bee's attack.
The killer bee stings you.
It was a potion of cancellation.
Your magical effects are unravelling.
You feel magically purged.
You feel a little less clever now.
You feel sick.
The killer bee seems less drained.
The killer bee closely misses you.
You feel less attractive to monsters.
It was a potion of magic.
Magic courses through your body.
You feel sick. The seven-headed hydra bites you.
* * * LOW HITPOINT WARNING * * *
The seven-headed hydra bites you but does no damage.
The seven-headed hydra completely misses you.
The seven-headed hydra bites you!
* * * LOW HITPOINT WARNING * * *
The seven-headed hydra barely misses you.
The seven-headed hydra bites you.
* * * LOW HITPOINT WARNING * * *
The seven-headed hydra bites you!
You die...

###############
##
#......@Dyy...#
#..
..###########.#
#.# ##...## #.#
##.###D##
#.##########
#.##
##.########
#..[.[.....#
#.# #.........
#..#######.#
#.##
##......###
#..# #.#
##.###.#######
# #..# #.#
##...## #


You could see a seven-headed hydra and 2 killer bees.

Vanquished Creatures
  A two-headed ogre (D:7)
  Erica (D:8)
  Joseph (D:7)
  A hornet (D:7)
  Prince Ribbit (D:5)
  7 yaks
  A water moccasin (D:7)
  Duvessa (D:4)
  2 black bears
  4 orc warriors
  2 necrophages
  A sky beast (D:6)
  2 hornet zombies
  3 ogres
  2 centaurs
  A phantom (D:7)
  A bullfrog (D:7)
  2 kobold brigands
  2 wyvern zombies
  A scorpion (D:6)
  Dowan (D:4)
  A gnoll sergeant (D:8)
  A wyvern skeleton (D:7)
  A jelly (D:7)
  A killer bee (D:8)
  3 wights (D:7)
  A bullfrog zombie (D:5)
  A centaur zombie (D:8)
  5 orc priests
  A bullfrog skeleton (D:6)
  A centaur skeleton (D:7)
  A scorpion zombie (D:5)
  4 iguanas
  7 orc wizards
  2 killer bee zombies (D:7)
  A hound skeleton (D:5)
  11 adders
  7 gnolls
  2 worms (D:4)
  2 dart slugs
  42 orcs
  7 ball pythons
  9 endoplasms
  5 giant cockroaches
  9 hobgoblins
  6 jackals
  4 quokkas
  3 bats
  17 frilled lizards
  10 goblins
  28 kobolds
  3 rats
234 creatures vanquished.

Vanquished Creatures (others)
  18 plants
18 creatures vanquished.

Grand Total: 252 creatures vanquished

Notes
Turn   | Place    | Note
-------+----------+-------------------------------------------
     0 | D:1      | ytrimaz the Formicid Fighter began the quest for the Orb.
     0 | D:1      | Reached XP level 1. HP: 18/18 MP: 1/1
   210 | D:1      | Reached XP level 2. HP: 23/24 MP: 2/2
   546 | D:1      | Reached XP level 3. HP: 30/30 MP: 3/3
   719 | D:1      | Found a faded altar of an unknown god.
  1290 | D:2      | Reached skill level 3 in Axes
  1290 | D:2      | Reached XP level 4. HP: 30/37 MP: 4/4
  1378 | D:2      | Found Jiablowy's Antique Weapon Boutique.
  1621 | D:3      | Reached XP level 5. HP: 37/42 MP: 5/5
  1709 | D:3      | Reached skill level 4 in Axes
  1709 | D:3      | Reached XP level 6. HP: 36/48 MP: 6/6
  2465 | D:4      | Noticed Duvessa
  2465 | D:4      | Noticed Dowan
  2475 | D:4      | Killed Duvessa
  2476 | D:4      | Reached skill level 5 in Axes
  2484 | D:4      | Killed Dowan
  2485 | D:4      | Reached XP level 7. HP: 31/55 MP: 7/7
  2638 | D:4      | Found a glowing drain.
  2691 | D:4      | Found a hide-covered altar of Uskayaw.
  3061 | Sewer    | Entered a sewer
  3316 | Sewer    | Reached skill level 5 in Fighting
  3464 | Sewer    | Reached skill level 6 in Axes
  3693 | D:4      | Identified a scroll of acquirement
  3693 | D:4      | Acquired 601 gold pieces
  3932 | D:4      | Found a white marble altar of Elyvilon.
  4151 | D:5      | Entered Level 5 of the Dungeon
  4313 | D:5      | Found a staircase to the Ecumenical Temple.
  4324 | Temple   | Entered the Ecumenical Temple
  4466 | Temple   | Became a worshipper of Warmaster Okawaru
  4549 | D:5      | Reached skill level 5 in Armour
  4648 | D:5      | Reached XP level 8. HP: 59/62 MP: 8/8
  4764 | D:5      | Noticed Prince Ribbit
  4773 | D:5      | Killed Prince Ribbit
  4774 | D:5      | Reached skill level 7 in Axes
  4774 | D:5      | Reached skill level 1 in Invocations
  4973 | D:5      | Found a runed translucent gate.
  4973 | D:5      | Found a runed translucent gate.
  4973 | D:5      | Found an opulent altar of Gozag.
  4974 | D:5      | Found a runed translucent gate.
  4977 | D:5      | Noticed AlleluiaPinecone's ghost (amateur TrBe)
  5492 | D:6      | Reached * piety under Okawaru
  5767 | D:6      | Found a broken altar of Ashenzari.
  5767 | D:6      | Found a basalt altar of Yredelemnul.
  5768 | D:6      | Found a stormy altar of Qazlal.
  5828 | D:6      | Found a glowing silver altar of Zin.
  5845 | D:6      | Reached XP level 9. HP: 69/69 MP: 11/11
  5860 | D:6      | Reached skill level 8 in Axes
  6102 | D:6      | Identified the +6 scale mail of Lugonu's Condemnation {rF+
                  | Str+5}
  6102 | D:6      | Identified the +2 kite shield of Xunnukepn {*Slow rPois
                  | rF++ Str+3}
  6171 | D:6      | Found a transporter.
  6292 | D:6      | Found a transporter.
  6386 | D:7      | Noticed Joseph
  6404 | D:7      | Killed Joseph
  6404 | D:7      | Reached ** piety under Okawaru
  6754 | D:7      | Reached skill level 9 in Axes
  7060 | D:7      | Noticed a hornet
  7068 | D:7      | Killed a hornet
  7069 | D:7      | Reached skill level 5 in Invocations
  7079 | D:7      | Reached XP level 10. HP: 57/77 MP: 11/13
  7180 | D:7      | Reached *** piety under Okawaru
  7311 | D:7      | Noticed an eight-headed hydra
  7313 | D:7      | Noticed a two-headed ogre
  7478 | D:7      | Reached skill level 10 in Axes
  8095 | D:7      | Killed a two-headed ogre
  8321 | D:8      | Noticed a seven-headed hydra
  8489 | D:8      | Reached **** piety under Okawaru
  8504 | D:8      | Reached skill level 11 in Axes
  8695 | D:8      | Reached XP level 11. HP: 81/86 MP: 16/16
  8927 | D:8      | Noticed Erica
  8937 | D:8      | Killed Erica
  9159 | D:8      | Slain by a seven-headed hydra

Illustrated notes

Levels and vault maps discovered:
D:1:      heliophobic_arrival_enchanted_forest, layout_basic, serial_forest,
          infiniplex_forest_straight_5, infiniplex_forest_lined_2,
          infiniplex_forest_straight_2, infiniplex_forest_lined_ring,
          infiniplex_forest_lined_2, shapermc_ecumenical_altar_venn
D:2:      layout_rooms, serial_shops, nicolae_shop_behind_doors
D:3:      cheibrodos_greedy_goblins, layout_loops_cross
D:4:      layout_loops_corners, nicolae_uskayaw_dance_hall,
          general_overflow_altar, cheibrodos_sewer_entry_bend, uniq_duvessa
D:5:      cheibrodos_iron_armory, layout_loops_ring,
          minmay_temple_entry_purple_smoke, ebering_ghost_gozag,
          grunt_ministairs_4, uniq_prince_ribbit1
D:6:      layout_basic, mainiacjoe_overflow_surrounded_room,
          gammafunk_temple_overflow_claw, gammafunk_ghost_gnarly_gnolls
D:7:      minmay_slanted_spiral_squares, layout_basic, hex_intersection,
          corexii_item_surrounded_by_moat, kennysheep_small_circle, uniq_joseph
D:8:      layout_loops_ring, special_room [special_room_orc],
          serial_park_tiny_pond, minmay_manual_mess, uniq_erica
Temple:   regret_index_temple_waves

Skill      XL: |  1  2  3  4  5  6  7  8  9 10 11 |
---------------+----------------------------------+-----
Fighting       | 4 5 6 7 8 |  8.0
Axes           | 3 4 5 6 7 9 11 | 11.6
Armour         | 4 5 7 8 |  8.4
Invocations    | 2 5 7 |  7.3
Shields        | |  3.6

Action                   |  1- 3 |  4- 6 |  7- 9 | 10-12 || total
-------------------------+-------+-------+-------+-------++-------
Melee: War axe           |    87 |    93 |   224 |   130 ||   534
Invok: Heroism           |       |       |     3 |     8 ||    11
       Finesse           |       |       |       |     1 ||     1
 Abil: Dig               |       |       |     4 |       ||     4
  Use: Scroll            |     3 |     1 |     6 |     5 ||    15
       Potion            |       |     1 |       |    10 ||    11
Armor: Scale mail        |    45 |    39 |    86 |    52 ||   222
Dodge: Dodged            |    35 |    26 |    84 |    75 ||   220
Block: Buckler           |    20 |    31 |    57 |    38 ||   146

Table legend: (Time is in decaauts)
 A = Elapsed time spent in this place.
 B = Non-inter-level travel time spent in this place.
 C = Inter-level travel time spent in this place.
 D = Time resting spent in this place.
 E = Time spent auto-exploring this place.
 F = Levels seen in this place.
 G = Mean time per level.
                   A        B        C        D        E       F      G
               +--------+--------+--------+--------+--------+-----+--------+
         Total |   9373 |   9024 |    349 |    506 |   6745 |  10 |  937.3 |
       Dungeon |   8398 |   8119 |    279 |    506 |   6048 |   8 | 1049.8 |
        Temple |    184 |    114 |     70 |      0 |     97 |   1 |  184.0 |
         Sewer |    789 |    789 |      0 |      0 |    600 |   1 |  789.0 |
               +--------+--------+--------+--------+--------+-----+--------+

Top non-repeatable levels by time:
     D:7: 1793 daAuts
     D:6: 1144 daAuts
     D:1: 1096 daAuts
     D:4: 1073 daAuts
     D:8: 964 daAuts
     D:5: 907 daAuts
     D:3: 892 daAuts
   Sewer: 789 daAuts
     D:2: 526 daAuts
  Temple: 184 daAuts
